 Dungeon Crawl Stone Soup version 0.30.1-11-g7821555f0a (webtiles) character file.

Game seed: 18169669739587193208

9053 KittyFluff the Protected (level 11, -2/102 HPs)
             Began as a Gargoyle Berserker on Nov 11, 2023.
             Was a High Priest of Trog.
             Slain by a centaur warrior simulacrum (29 damage)
             ... on level 10 of the Dungeon.
             The game lasted 00:49:10 (9965 turns).

KittyFluff the Protected (Gargoyle Berserker)       Turns: 9965, Time: 00:49:11

Health: -2/102     AC: 30    Str: 25    XL:     11   Next: 40%
Magic:  11/11      EV: 18    Int:  8    God:    Trog [*****.]
Gold:   1509       SH:  5    Dex:  9    Spells: 10/10 levels left

rFire   . . .        C - +2 flail (protect)
rCold   . . .        (no shield)
rNeg    + . .        x - +0 steam dragon scales
rPois   ∞            B - +0 helmet
rElec   +            L - +0 cloak
rCorr   .            r - +0 pair of gloves
SInv    .            z - +2 pair of boots
Will    .....        a - amulet of reflection Stlth
                     D - +5 ring of evasion
HPRegen 0.37/turn    P - ring of flight
MPRegen 0.12/turn

%: reflection
@: berserking (expiring), under a protective aura, flying, very quick
A: sickness immunity, AC +8, negative energy resistance 1, electricity
resistance, torment resistance 1, petrification resistance
a: Renounce Religion, Berserk, Trog's Hand, Brothers in Arms


You were on level 10 of the Dungeon.
You worshipped Trog.
Trog was extremely pleased with you.
You visited 1 branch of the dungeon, and saw 10 of its levels.
You also visited: Bailey.

You collected 1509 gold pieces.

Inventory:

Hand Weapons
 p - a +0 sling
 C - a +2 flail of protection (weapon)
 K - a +6 mace
 N - a +2 heavy arbalest
 Q - a +0 quarterstaff
 R - the +8 arbalest "Blob" {speed, Str+3}
   (You found it on level 9 of the Dungeon)

   Str:       It affects your strength (+3).
Missiles
 u - 23 boomerangs (quivered)
 H - 2 poisoned darts
 U - a throwing net
Armour
 r - a +0 pair of gloves (worn)
 x - +0 steam dragon scales (worn)
 z - a +2 pair of boots (worn)
 B - a +0 helmet (worn)
 F - the +9 plate armour of Cecessinla {Str-3 Dex+5 Stlth+}
   (You found it on level 7 of the Dungeon)

   Str:       It affects your strength (-3).
   Dex:       It affects your dexterity (+5).
   Stlth:     It makes you more stealthy.
 L - a +0 cloak (worn)
 O - a +1 pair of boots of flying
 S - a +0 chain mail of fire resistance
 T - an orb of mayhem
Jewellery
 a - an amulet of reflection (around neck)
 h - an amulet of regeneration
 D - a +5 ring of evasion (left hand)
 P - a ring of flight (right hand)
Wands
 q - a wand of polymorph (5)
 w - a wand of acid (6)
 G - a wand of roots (19)
Scrolls
 c - 4 scrolls of identify {unknown}
 d - 3 scrolls of enchant weapon
 f - 4 scrolls of fog
 g - a scroll of poison {unknown}
 i - 4 scrolls of fear
 j - 4 scrolls of magic mapping
 l - a scroll of brand weapon {unknown}
 o - 4 scrolls of immolation {unknown}
 v - 3 scrolls of teleportation
 y - 2 scrolls of blinking {unknown}
 A - a scroll of amnesia {unknown}
 E - 4 scrolls of noise {unknown}
Potions
 b - a potion of magic {unknown}
 e - 2 potions of might {unknown}
 k - 2 potions of degeneration {unknown}
 m - 3 potions of flight
 n - 3 potions of brilliance {unknown}
 s - 2 potions of haste {unknown}
 t - 4 potions of curing {unknown}
 I - a potion of ambrosia {unknown}
 J - a potion of lignification {unknown}
 M - a potion of resistance {unknown}


   Skills:
 + Level 7.9 Fighting
 * Level 9.8 Maces & Flails
 + Level 2.8 Ranged Weapons
 * Level 10.2 Armour
 + Level 5.5 Dodging
 + Level 7.5 Stealth
 + Level 1.5 Evocations


You had 10 spell levels left.
You didn't know any spells.
Your spell library was empty.

Dungeon Overview and Level Annotations

Branches:
Dungeon (10/15)            Temple (0/1) D:6            Lair (0/5) D:8
 Bailey (visited)
    Orc: D:9-12

Altars:
Ashenzari
Elyvilon
Gozag
Makhleb
Nemelex Xobeh
Qazlal
Ru
Trog
Uskayaw
Wu Jian
Yredelemnul

Shops:
D:1 (   D:3 (

Annotations:
D:5 3 runed translucent doors, JimboTheBarbarian's ghost, novice MiFi; kaesle's ghost, novice HOFi; scisormetimb3rs's ghost, novice FoFi


Innate Abilities, Weirdness & Mutations

You are immune to sickness and miasma.
Your stone body is resilient. (AC +8)
You are immune to poison.
You resist negative energy. (rN+)
You are resistant to electric shocks. (rElec)
You are resistant to unholy torment.
You are immune to petrification.


Message History

You feel a bit more experienced.
You hit the orc warrior but do no damage.
The orc warrior hits you with a +1 vampiric scimitar.
* * * LOW HITPOINT WARNING * * *
A red film seems to cover your vision as you go berserk!
You feel yourself moving faster!
You feel mighty! The orc warrior closely misses you.
You barely miss the orc warrior. You barely miss the orc warrior.
The orc warrior hits you but does no damage.
You bludgeon the orc warrior!!
The orc warrior is severely wounded.
The orc warrior closely misses you.
You thump the orc warrior!
You kill the orc warrior!
Trog accepts your kill. The yak misses you.
Things that are here:
a +1 vampiric scimitar; a +0 plate armour; 15 gold pieces You bludgeon the yak!!
The yak is heavily wounded.
You block the yak's attack.
You barely miss the yak.
The yak is heavily wounded.
You bludgeon the yak!!
The yak is almost dead.
The yak misses you.
You sock the yak!
You kill the yak!
Trog accepts your kill.
You thump the centaur warrior simulacrum!
The centaur warrior simulacrum is heavily damaged.
The centaur warrior simulacrum barely misses you.
The centaur warrior simulacrum closely misses you.
You barely miss the centaur warrior simulacrum.
The centaur warrior simulacrum is heavily damaged.
The centaur warrior simulacrum hits you.
* * * LOW HITPOINT WARNING * * *
The centaur warrior simulacrum freezes you!!
You die...

#.####........#
#.# #..####..#
#.# #++# #..#
#.# #.... ####
#.##.....
#..'.....
#..'.....
#Z##..... #@#
... #.# # #.#
#.. ####


You could see a centaur warrior simulacrum.

Vanquished Creatures
  2 two-headed ogres
  An orc knight (Bailey)
  3 kobold demonologists (D:8)
  Sigmund (D:3)
  3 shadows (D:10)
  A wyvern (D:9)
  12 yaks
  Edmund (D:6)
  A steam dragon (D:4)
  An acid dragon (D:10)
  3 water moccasins
  11 orc warriors
  An ice beast (D:6)
  A black bear (D:7)
  5 centaurs
  2 phantoms (D:5)
  A bullfrog (D:9)
  4 scorpions
  6 wights
  2 jellies
  4 killer bees (D:9)
  2 howler monkeys
  3 hounds
  8 orc priests
  2 iguanas
  Natasha (thrice) (D:2)
  A sleepcap (D:4)
  9 orc wizards
  2 gnolls (Bailey)
  5 adders
  A shadow imp (D:7)
  2 white imps (D:6)
  A worm (D:3)
  37 orcs
  12 endoplasms
  12 goblins
  11 hobgoblins
  9 jackals
  4 quokkas (D:1)
  7 ball pythons
  10 bats
  6 frilled lizards
  17 kobolds
  7 rats
237 creatures vanquished.

Notes
Turn   | Place    | Note
-------+----------+-------------------------------------------
     0 | D:1      | KittyFluff the Gargoyle Berserker began the quest for the
                  | Orb.
     0 | D:1      | Reached XP level 1. HP: 14/14 MP: 1/1
   282 | D:1      | Reached XP level 2. HP: 15/19 MP: 2/2
   296 | D:1      | Found Mepeot's Weapon Shop.
   534 | D:1      | Reached XP level 3. HP: 16/23 MP: 3/3
   643 | D:1      | Reached ** piety under Trog
  1250 | D:2      | Noticed a scorpion
  1260 | D:2      | Killed a scorpion
  1261 | D:2      | Reached skill level 3 in Armour
  1261 | D:2      | Reached skill level 1 in Stealth
  1261 | D:2      | Reached XP level 4. HP: 29/29 MP: 4/4
  1597 | D:2      | Noticed Natasha
  1611 | D:2      | Killed Natasha
  1612 | D:2      | Reached XP level 5. HP: 31/33 MP: 5/5
  1647 | D:2      | Noticed Natasha
  1656 | D:2      | Killed Natasha
  1860 | D:2      | Noticed Natasha
  1880 | D:2      | Killed Natasha
  2206 | D:3      | Noticed Sigmund
  2293 | D:3      | Killed Sigmund
  2294 | D:3      | Reached skill level 4 in Armour
  2294 | D:3      | Reached XP level 6. HP: 32/38 MP: 6/6
  2340 | D:3      | Found Puipser's Antique Weapon Emporium.
  2379 | D:3      | Found a basalt altar of Yredelemnul.
  2831 | D:3      | Reached XP level 7. HP: 44/44 MP: 7/7
  3052 | D:4      | Reached skill level 5 in Maces & Flails
  3099 | D:4      | Reached *** piety under Trog
  3192 | D:4      | Found a white marble altar of Elyvilon.
  3542 | D:4      | Reached skill level 5 in Armour
  3934 | D:4      | Noticed a steam dragon
  3951 | D:4      | Killed a steam dragon
  4131 | D:5      | Entered Level 5 of the Dungeon
  4156 | D:5      | Found a broken altar of Ashenzari.
  4213 | D:5      | Reached XP level 8. HP: 46/48 MP: 8/8
  4253 | D:5      | Reached skill level 5 in Fighting
  4373 | D:5      | Reached skill level 6 in Armour
  4553 | D:5      | Found a runed translucent gate.
  4553 | D:5      | Found a runed translucent gate.
  4553 | D:5      | Found a runed translucent gate.
  4557 | D:5      | Noticed scisormetimb3rs's ghost (novice FoFi)
  4557 | D:5      | Noticed JimboTheBarbarian's ghost (novice MiFi)
  4557 | D:5      | Noticed kaesle's ghost (novice HOFi)
  4828 | D:6      | Noticed Edmund
  4870 | D:6      | Killed Edmund
  4888 | D:6      | Found an opulent altar of Gozag.
  5197 | D:6      | Found a staircase to the Ecumenical Temple.
  5244 | D:6      | Reached **** piety under Trog
  5639 | D:6      | Found a bloodstained altar of Trog.
  5639 | D:6      | Found a sparkling altar of Nemelex Xobeh.
  5749 | D:7      | Reached XP level 9. HP: 52/54 MP: 9/9
  5760 | D:7      | Identified the +9 plate armour of Cecessinla {Str-3 Dex+5
                  | Stlth+}
  5810 | D:7      | Found a sacrificial altar of Ru.
  5811 | D:7      | Found a stormy altar of Qazlal.
  5812 | D:7      | Found a hide-covered altar of Uskayaw.
  5812 | D:7      | Found a burning altar of Makhleb.
  5998 | D:7      | Reached skill level 7 in Armour
  6122 | D:7      | Reached skill level 5 in Stealth
  6377 | D:8      | Identified the +2 ring mail of Gallantry {rElec Will-
                  | Str+10 Slay-6}
  6483 | D:8      | Found a flagged portal.
  6514 | Bailey   | Entered a bailey
  6526 | Bailey   | Noticed an orc knight
  6924 | Bailey   | Killed an orc knight
  7185 | Bailey   | Reached skill level 8 in Armour
  7311 | Bailey   | Identified the +4 hand axe "Mubisim" {protect, Dex+3}
  7609 | D:8      | Noticed a kobold demonologist
  7611 | D:8      | Noticed a kobold demonologist
  7612 | D:8      | Noticed a kobold demonologist
  7646 | D:8      | Noticed a red devil
  7647 | D:8      | Killed a kobold demonologist
  7648 | D:8      | Reached XP level 10. HP: 61/61 MP: 10/10
  7648 | D:8      | Noticed a sun demon
  7671 | D:8      | Killed a kobold demonologist
  7680 | D:8      | Noticed an orange demon
  7680 | D:8      | Killed a kobold demonologist
  7920 | D:8      | Found a staircase to the Lair.
  8435 | D:9      | Reached skill level 9 in Armour
  8456 | D:9      | Identified the +8 arbalest "Blob" {speed, Str+3}
  8572 | D:9      | Reached skill level 5 in Dodging
  8577 | D:9      | Reached skill level 1 in Ranged Weapons
  8828 | D:9      | Found an ornate altar of the Wu Jian Council.
  9054 | D:9      | Noticed a two-headed ogre
  9064 | D:9      | Killed a two-headed ogre
  9065 | D:9      | Reached XP level 11. HP: 67/67 MP: 11/11
  9095 | D:10     | Entered Level 10 of the Dungeon
  9104 | D:10     | Reached ***** piety under Trog
  9304 | D:9      | Reached skill level 10 in Armour
  9473 | D:9      | Reached skill level 1 in Evocations
  9702 | D:10     | Noticed a two-headed ogre
  9722 | D:10     | Killed a two-headed ogre
  9965 | D:10     | Slain by a centaur warrior simulacrum

Illustrated notes

Levels and vault maps discovered:
D:1:      dpeg_arrival_round_a, layout_loops_corners, serial_shops,
          nicolae_shop_window_shopping, minmay_indecisive_spiral
D:2:      layout_basic, uniq_natasha
D:3:      layout_basic, mainiacjoe_overflow_surrounded_room, serial_shops,
          nicolae_shop_stone, uniq_sigmund
D:4:      layout_loops_corners, elyvilon_altar_4
D:5:      layout_basic, mainiacjoe_overflow_catwalk, gammafunk_ghost_cemetery
D:6:      layout_loops_corners, nicolae_gozag_seed_capital,
          gammafunk_temple_overflow_statue, minmay_temple_entry_fiery,
          uniq_edmund
D:7:      layout_loops_ring, mainiacjoe_overflow_alcove_3, serial_glass,
          glass_columns_a, glass_columns_b
D:8:      layout_loops_ring, lair_entry_dummy, enter_bailey_3
D:9:      layout_small_grid, nicolae_wu_jian_immortal_techniques,
          kennysheep_pointless_box, dk_noncrumbling_3, minivault_25
D:10:     layout_rooms, hiddenorc1_lemuel, grunt_ogre_cave,
          lightli_fourway_metalbox

Skill      XL: |  1  2  3  4  5  6  7  8  9 10 11 |
---------------+----------------------------------+-----
Armour         | 3 4 5 6 8 9 10 | 10.2
Dodging        | 2 3 4 5 |  5.5
Stealth        | 1 2 3 4 6 7 |  7.5
Maces & Flails | 4 5 6 8 9 |  9.8
Fighting       | 4 5 6 7 |  7.9
Ranged Weapons | 2 |  2.8
Evocations     | 1 |  1.5

Action                     |  1- 3 |  4- 6 |  7- 9 | 10-12 || total
---------------------------+-------+-------+-------+-------++-------
  Melee: Mace              |   115 |    97 |   304 |       ||   516
         Punch             |       |       |     5 |     6 ||    11
         Flail             |       |       |   208 |   383 ||   591
   Fire: Shortbow          |       |       |    33 |       ||    33
         Arbalest          |       |       |       |    29 ||    29
 Invoke: Berserk           |     1 |     2 |     1 |     1 ||     5
    Use: Scroll            |     2 |       |     3 |       ||     5
         Potion            |       |     1 |       |       ||     1
   Stab: Sleeping          |       |     1 |     7 |     1 ||     9
 Armour: Animal skin       |    45 |       |       |       ||    45
         Leather armour    |       |    49 |    79 |       ||   128
         Steam dragon scal |       |       |   169 |   152 ||   321
  Dodge: Dodged            |    93 |    63 |   337 |   334 ||   827
  Block: Other             |       |       |    54 |   108 ||   162
         Reflection        |       |       |     4 |     5 ||     9
